 Dungeon Crawl Stone Soup version 0.29.1-12-g30fa7ad0bf (webtiles) character file.

Game seed: 11822155369330601712

5922 FexLirch the Thaumaturge (level 11, -10/74 HPs)
             Began as a Meteoran Earth Elementalist on Jan 3, 2023.
             Was a Believer of Jiyva.
             Mangled by a red ugly thing (19 damage)
             ... on level 11 of the Dungeon.
             The game lasted 00:27:10 (2982 turns).

FexLirch the Thaumaturge (MeEE)                     Turns: 2982, Time: 00:27:10

Health: -10/74     AC:  8    Str: 17    XL:     11   Next: 29%
Magic:  25/30      EV: 13    Int: 21    God:    Jiyva [**....]
Gold:   399        SH:  0    Dex: 14    Spells: 25/38 levels left

rFire   . . .      SeeInvis .   s - +1 dagger (elec)
rCold   . . .      Faith    .   (no shield)
rNeg    . . .      Spirit   .   d - +0 acid dragon scales
rPois   .          Reflect  .   B - +0 helmet
rElec   .          Harm     .   (no cloak)
rCorr   +          Rampage  .   w - +0 pair of gloves
Will    +....                   (no boots)
Stlth   +.........              (no amulet)
HPRegen 1.18/turn               t - +6 ring of strength
MPRegen 0.52/turn               (no ring)

@: glowing
A: sense surroundings 2, otherworldly, glowing, explore regen
a: Renounce Religion


You were on level 11 of the Dungeon.
You worshipped Jiyva.
Jiyva was pleased with you.
You visited 2 branches of the dungeon, and saw 12 of its levels.
You also visited: Sewer and Ossuary.

You collected 399 gold pieces.

Inventory:

Hand Weapons
 g - a +0 sling
 s - a +1 dagger of electrocution (weapon)
 x - a +2 whip of electrocution
 C - the +3 rapier "Ukkuhaot" {drain, rN+}
   (You took it off an orc on level 8 of the Dungeon)

   A truly terrible weapon, it drains the life of any living foe it strikes.
   rN:        It protects you from negative energy.
Armour
 a - a +0 robe
 d - +0 acid dragon scales (worn)
 w - a +0 pair of gloves (worn)
 B - a +0 helmet (worn)
 E - a +0 kite shield
Magical Staves
 i - a staff of air
 j - a staff of death
Jewellery
 t - a +6 ring of strength (left hand)
Wands
 F - a wand of flame (10)
Scrolls
 k - a scroll of butterflies {unknown}
 l - a scroll of noise {unknown}
 m - 2 scrolls of teleportation {unknown}
 n - 2 scrolls of immolation {unknown}
 o - 3 scrolls of enchant weapon
 q - 4 scrolls of magic mapping
 y - a scroll of amnesia {unknown}
 z - 2 scrolls of fear
Potions
 b - a potion of magic
 c - a potion of berserk rage {unknown}
 e - a potion of heal wounds
 f - a potion of cancellation
 h - 3 potions of might
 p - 2 potions of attraction
 r - a potion of degeneration {unknown}
 u - 5 potions of curing
 v - a potion of flight {unknown}
 A - a potion of mutation {unknown}
Miscellaneous
 D - a condenser vane


   Skills:
 - Level 5.8 Dodging
 - Level 1.4 Stealth
 + Level 5.1 Shields
 * Level 14.3 Spellcasting
 - Level 4.0 Conjurations
 + Level 7.7 Translocations
 - Level 1.2 Transmutations
 - Level 6.0 Earth Magic


You had 25 spell levels left.
You knew the following spells:

 Your Spells              Type           Power      Damage    Failure   Level
a - Sandblast             Erth           80%        2d17      1%          1
b - Passwall              Tmut/Erth      25%        N/A       1%          2
c - Stone Arrow           Conj/Erth      72%        3d11      2%          3
d - Apportation           Tloc           94%        N/A       1%          1
e - Dispersal             Tloc           23%        N/A       34%         6

Your spell library contained the following spells:

 Spells                   Type           Power      Damage    Failure   Level
 Gell's Gravitas          Tloc           47%        N/A       1%          3
 Teleport Other           Tloc           47%        N/A       1%          3
 Necrotise                Necr           60%        1d7       6%          1
 Summon Small Mammal      Summ           60%        N/A       6%          1
 Petrify                  Tmut/Erth      30%        N/A       13%         4


Dungeon Overview and Level Annotations

Branches:
Dungeon (11/15) Zot: 4055  Temple (1/1) D:6 Zot: 445    Lair (0/5) D:9
  Sewer (visited)         Ossuary (visited)
    Orc: D:9-12

Altars:
Ashenzari
Elyvilon
Fedhas
Gozag
Hepliaklqana
Kikubaaqudgha
Makhleb
Nemelex Xobeh
Okawaru
Qazlal
Ru
Sif Muna
Trog
Uskayaw
Vehumet
Wu Jian
Xom
Yredelemnul
Zin
The Shining One
Jiyva

Shops:
D:1 *


Innate Abilities, Weirdness & Mutations

You passively map the area around you.
You are easily found by Zot.
You glow in the dark.
You regain HP and MP as you explore.


Message History

Items here: )) [[.
There is a stone staircase leading down here.
You climb downwards.
There is a stone staircase leading up here.
Casting: Stone Arrow (mildly dangerous; 2% risk of failure)
Confirm with . or Enter, or press ? or * to list all spells.
Aiming: Passwall (safe; 1% risk of failure)
Press: ? - help, Dir - move target A rock wall.
You begin to meditate on the wall.
You continue meditating on the rock. x2
You finish merging with the rock.
A red ugly thing comes into view.
The red ugly thing gurgles horribly!
Casting: Passwall (safe; 1% risk of failure)
Confirm with . or Enter, or press ? or * to list all spells.
Aiming: Stone Arrow (mildly dangerous; 2% risk of failure)
Press: ? - help, Shift-Dir - straight line, f - red ugly thing
Aim: a red ugly thing (74% to hit)
The stone arrow hits the red ugly thing!!
The red ugly thing is moderately wounded.
The red ugly thing punches you.
You are engulfed in flames!!
Casting: Stone Arrow (mildly dangerous; 2% risk of failure)
Confirm with . or Enter, or press ? or * to list all spells.
Aiming: Stone Arrow (mildly dangerous; 2% risk of failure)
Press: ? - help, Shift-Dir - straight line, f/p - red ugly thing
Aim: a red ugly thing (moderately wounded, 74% to hit)
The stone arrow hits the red ugly thing!!
The red ugly thing is severely wounded.
The red ugly thing punches you!
You are engulfed in flames!!
* * * LOW HITPOINT WARNING * * *
Jiyva says: Divide and consume!
Casting: Stone Arrow (mildly dangerous; 2% risk of failure)
Confirm with . or Enter, or press ? or * to list all spells.
Aiming: Passwall (safe; 1% risk of failure)
Press: ? - help, Dir - move target, p - red ugly thing A rock wall.
The red ugly thing punches you!
* * * LOW HITPOINT WARNING * * *
You are engulfed in flames!!
You die...

,, , ##.# *
#..., * *
#..#,, ,, ,
#..#### , * ,
, #..#.., , ,
, ,
#..#.#####, *
#..#.#<..# ,,
,,
####.@#.###.#
,,
#.....u.....#
*
#.......#####
* #.......# *
* #.......# *
#.......#
#########* *
, , *,


You could see a red ugly thing.

Vanquished Creatures
  2 two-headed ogres
  Pikel (D:6)
  A hornet (D:9)
  2 shadows (D:9)
  3 vampire mosquitoes (D:10)
  4 water moccasins
  2 acid dragons (D:9)
  An ogre (D:4)
  3 black bears
  A sky beast (D:6)
  2 centaurs
  A kobold brigand (D:9)
  2 bullfrogs
  An elf zombie (Ossuary)
  2 necrophages
  2 scorpions
  11 killer bees
  5 howler monkeys
  3 hounds
  3 orc priests
  7 jellies
  2 gnoll boudas
  2 human zombies (Ossuary)
  4 orc wizards
  2 iguanas
  A hound zombie (Ossuary)
  3 mummies (Ossuary)
  8 adders
  16 gnolls
  A shadow imp (D:6)
  2 ufetubi
  2 adder zombies (Ossuary)
  30 orcs
  8 ball pythons
  2 bats (D:3)
  7 endoplasms
  A giant cockroach (D:1)
  2 hobgoblins
  3 quokkas (D:4)
  5 frilled lizards (Sewer)
  A gnoll zombie (Ossuary)
  A goblin (D:4)
  2 goblin zombies (Ossuary)
  2 hobgoblin zombies (Ossuary)
  2 jackal zombies (Ossuary)
  8 kobolds
  6 kobold zombies (Ossuary)
  An orc zombie (Ossuary)
  A quokka zombie (Ossuary)
  8 rats
  6 rat zombies (Ossuary)
  A spectral kobold (D:6)
199 creatures vanquished.

Vanquished Creatures (others)
  A jelly (D:9)
  34 plants
35 creatures vanquished.

Grand Total: 234 creatures vanquished

Notes
Turn   | Place    | Note
-------+----------+-------------------------------------------
     0 | D:1      | FexLirch the Meteoran Earth Elementalist began the quest
                  | for the Orb.
     0 | D:1      | Reached XP level 1. HP: 14/14 MP: 5/5
    66 | D:1      | Found Listropa's General Store.
   104 | D:2      | Reached XP level 2. HP: 16/20 MP: 0/6
   159 | D:2      | Learned a level 2 spell: Passwall
   179 | D:2      | Reached skill level 3 in Spellcasting
   182 | D:2      | Reached skill level 1 in Conjurations
   382 | D:3      | Reached XP level 3. HP: 21/26 MP: 5/8
   384 | D:3      | Reached XP level 4. HP: 22/33 MP: 4/10
   433 | D:3      | Learned a level 3 spell: Stone Arrow
   448 | D:3      | Found a sparkling altar of Nemelex Xobeh.
   541 | D:3      | Found a glowing drain.
   548 | Sewer    | Entered a sewer
   705 | Sewer    | Reached XP level 5. HP: 38/38 MP: 8/11
   736 | D:3      | Reached skill level 4 in Spellcasting
   758 | D:3      | Learned a level 1 spell: Apportation
   794 | D:5      | Entered Level 5 of the Dungeon
   801 | D:5      | Reached skill level 5 in Earth Magic
   801 | D:5      | Reached XP level 6. HP: 45/45 MP: 4/13
   852 | D:5      | Noticed an ice beast
   922 | D:4      | Noticed an ogre
   932 | D:4      | Killed an ogre
   933 | D:4      | Reached skill level 5 in Spellcasting
   991 | D:4      | Noticed a black bear
   995 | D:4      | Killed a black bear
   996 | D:4      | Reached XP level 7. HP: 50/50 MP: 1/16
  1023 | D:4      | Reached skill level 6 in Spellcasting
  1113 | D:4      | Reached skill level 7 in Spellcasting
  1119 | D:4      | Reached XP level 8. HP: 22/57 MP: 0/20
  1256 | D:5      | Reached skill level 8 in Spellcasting
  1296 | D:5      | Reached skill level 9 in Spellcasting
  1453 | D:6      | Found a staircase to the Ecumenical Temple.
  1459 | Temple   | Entered the Ecumenical Temple
  1651 | D:6      | Learned a level 6 spell: Dispersal
  1671 | D:6      | Found a shimmering blue altar of Sif Muna.
  1689 | D:6      | Reached skill level 1 in Translocations
  1689 | D:6      | Gained mutation: You passively map the area around you.
                  | [Meteoran growth]
  1689 | D:6      | Reached XP level 9. HP: 57/62 MP: 20/23
  1696 | D:6      | Reached skill level 10 in Spellcasting
  1851 | D:6      | Noticed Pikel
  1856 | D:6      | Killed Pikel
  1857 | D:6      | Reached skill level 11 in Spellcasting
  1866 | D:6      | Found a shimmering altar of Xom.
  1886 | D:6      | Found a hazy altar of Hepliaklqana.
  1914 | D:6      | Found a blossoming altar of Fedhas.
  2136 | D:9      | Found a viscous altar of Jiyva.
  2141 | D:9      | Reached skill level 5 in Dodging
  2141 | D:9      | Reached XP level 10. HP: 69/69 MP: 17/26
  2152 | D:9      | Became a worshipper of Jiyva Jikkul the Shapeless
  2189 | D:8      | Found a sand-covered staircase.
  2194 | Ossuary  | Entered an ossuary
  2280 | Ossuary  | Reached skill level 5 in Translocations
  2295 | Ossuary  | Reached skill level 12 in Spellcasting
  2389 | D:8      | Identified the +3 rapier "Ukkuhaot" {drain, rN+}
  2445 | D:9      | Found a staircase to the Lair.
  2479 | D:9      | Reached skill level 1 in Shields
  2570 | D:8      | Reached * piety under Jiyva
  2581 | D:8      | Reached skill level 13 in Spellcasting
  2602 | D:8      | Found a white marble altar of Elyvilon.
  2717 | D:9      | Found an opulent altar of Gozag.
  2749 | D:9      | Noticed a two-headed ogre
  2755 | D:9      | Killed a two-headed ogre
  2756 | D:9      | Reached XP level 11. HP: 74/74 MP: 18/29
  2813 | D:10     | Entered Level 10 of the Dungeon
  2813 | D:10     | Noticed a two-headed ogre
  2818 | D:10     | Killed a two-headed ogre
  2851 | D:9      | Reached skill level 14 in Spellcasting
  2936 | D:10     | Reached skill level 5 in Shields
  2949 | D:10     | Reached ** piety under Jiyva
  2977 | D:11     | Noticed a red ugly thing
  2982 | D:11     | Mangled by a red ugly thing

Illustrated notes

Levels and vault maps discovered:
D:1:      dpeg_arrival_pond, layout_basic, serial_shops, shop_statue
D:2:      layout_loops_ring, kennysheep_generic_room_12
D:3:      layout_loops_corners, nemelex_dance_club_becter, portal_sewer_entry_d,
          amcnicky_mini_pool_small, minmay_misc_feat_x
D:4:      wad_woods_tower, layout_basic, serial_shops, shop
D:5:      layout_rooms, minitemple, minmay_misc_feat_five,
          minmay_misc_feat_plants
D:6:      layout_cave_pools, lemuel_doored_altar, tgw_xom,
          nicolae_hepliaklqana_monster_ancestors,
          mainiacjoe_overflow_cross_hatched,
          minmay_temple_entry_statues_fountains, kennysheep_generic_room_6,
          uniq_pikel
D:7:      layout_layer_cave, roderic_cross_of_infinity
D:8:      layout_loops_ring, elyvilon_altar_5, enter_ossuary_5
D:9:      layout_loops_ring, grunt_gozag_breadcrumbs, dpeg_oklobed_lair,
          jiyva_altar_1
D:10:     layout_roguey, david_orc_3, enter_trove_2, uniq_joseph
D:11:     layout_basic, uniq_gastronok, uniq_psyche
Temple:   oiseaux_autumnal_temple

Skill      XL: |  1  2  3  4  5  6  7  8  9 10 11 |
---------------+----------------------------------+-----
Spellcasting   | 3 4 5 7 9 11 13 14 | 14.3
Conjurations   | 1 2 3 4 |  4.0
Earth Magic    | 4 5 6 |  6.0
Translocations | 1 4 7 |  7.7
Dodging        | 5 |  5.8
Shields        | 3 5 |  5.1
Stealth        | |  1.4
Transmutations | |  1.2

Action                   |  1- 3 |  4- 6 |  7- 9 | 10-12 || total
-------------------------+-------+-------+-------+-------++-------
Melee: Staff             |       |    11 |       |       ||    11
       Dagger            |       |     2 |    22 |    23 ||    47
 Fire: Sling             |       |     3 |       |       ||     3
 Cast: Sandblast         |    24 |    34 |    46 |    52 ||   156
       Stone Arrow       |       |    20 |    78 |    93 ||   191
       Passwall          |       |     4 |     4 |     7 ||    15
       Apportation       |       |       |       |     2 ||     2
  Use: Scroll            |       |     5 |       |     3 ||     8
       Potion            |       |       |     5 |       ||     5
Armor: Acid dragon scale |     4 |    15 |    47 |    43 ||   109
       Robe              |     1 |       |       |       ||     1
Dodge: Dodged            |     3 |    17 |    63 |    56 ||   139
